 Dungeon Crawl Stone Soup version 0.21-a0-529-g8c7b3f5 (webtiles) character file.

105 slep the Skirmisher (level 4, -1/35 HPs)
             Began as a Demonspawn Fighter on Dec 12, 2017.
             Slain by an orc wizard
             ... wielding a +0 dagger
              (3 damage)
             ... on level 3 of the Dungeon.
             The game lasted 00:04:13 (1521 turns).

slep the Skirmisher (Demonspawn Fighter)            Turns: 1521, Time: 00:04:14

Health: -1/35      AC:  7    Str: 17    XL:     4   Next: 53%
Magic:  4/4        EV:  7    Int:  9    God:
Gold:   63         SH:  9    Dex: 15    Spells: 3/3 levels left

rFire    . . .     SeeInvis .   a - +0 war axe
rCold    . . .     Gourm    .   c - +0 shield
rNeg     . . .     Faith    .   b - +0 scale mail
rPois    .         Spirit   .   (no helmet)
rElec    .         Reflect  .   (no cloak)
rCorr    .         Harm     .   e - +0 pair of gloves
MR       .....                  (no boots)
Stlth    +.........             (no amulet)
HPRegen  0.11/turn              (no ring)
MPRegen  0.09/turn              (no ring)

@: lethally poisoned (-1 -> -4), hasted, very quick
A: talons 1, thin skeletal structure 1
a: no special abilities


You were on level 3 of the Dungeon.
You were not hungry.

You visited 1 branch of the dungeon, and saw 3 of its levels.

You collected 63 gold pieces.

Inventory:

Hand Weapons
 a - a +0 war axe (weapon)
Armour
 b - a +0 scale mail (worn)
 c - a +0 shield (worn)
 e - a +0 pair of gloves (worn)
Scrolls
 g - 3 scrolls of teleportation {unknown}
 h - 6 scrolls of immolation {unknown}
 j - 2 scrolls of enchant armour {unknown}
 l - a scroll of enchant weapon {unknown}
Potions
 d - a potion of might
 k - a potion of ambrosia {unknown}
 m - a potion of lignification {unknown}
 n - a potion of heal wounds {unknown}
Comestibles
 f - 4 bread rations


   Skills:
 + Level 3.4 Fighting
 + Level 3.0 Axes
 + Level 3.0 Armour
 + Level 1.0 Dodging
 + Level 0.2 Stealth
 + Level 3.3 Shields


You had 3 spell levels left.
You didn't know any spells.

Dungeon Overview and Level Annotations

Branches:
Dungeon (3/15)

Altars:
Qazlal


Innate Abilities, Weirdness & Mutations

You have sharp toenails.
You have a somewhat thin skeletal structure. (Dex +2, Stealth)


Message History

You feel sick.
The orc wizard hits you but does no damage.
The orc wizard points at you and mumbles some strange words.
The magic dart hits you!
You miss the orc wizard. Your kick misses the orc wizard.
You block the orc wizard's attack.
The orc wizard hits you but does no damage.
You hit the orc wizard.
The orc wizard is moderately wounded.
You feel sick.
The orc wizard gestures at you while chanting.
The magic dart hits you!
* * * LOW HITPOINT WARNING * * *
The orc wizard hits you but does no damage.
It was a potion of haste.
You feel yourself speed up.
* * * LOW HITPOINT WARNING * * *
You feel sick. The orc wizard hits you with a dagger.
* * * LOW HITPOINT WARNING * * *
The orc wizard hits you with a dagger.
You die...

### ..# #.. #.#
#.# ... #.####
#.# #....#######
#.# #......<....
#.# #.†..#######
#)#####...##
#@........#
....loo#######.##
##....o #.#
#...... #.#
##..... #.#
##.... #.# ...#.
.# ......


You could see an orc wizard, 2 orcs and a frilled lizard.

Vanquished Creatures
  A worker ant (D:2)
  3 adders
  A worm (D:2)
  5 dart slugs
  An orc (D:3)
  A ball python (D:1)
  3 giant cockroaches
  6 goblins
  4 hobgoblins
  8 bats
  2 frilled lizards
  4 kobolds
  4 rats
43 creatures vanquished.

Notes
Turn   | Place    | Note
-------+----------+-------------------------------------------
     0 | D:1      | slep the Demonspawn Fighter began the quest for the Orb.
     0 | D:1      | Reached XP level 1. HP: 18/18 MP: 1/1
    70 | D:1      | Gained mutation: You have a somewhat thin skeletal structure. (Dex +2, Stealth) [demonic ancestry]
    70 | D:1      | Reached XP level 2. HP: 18/24 MP: 2/2
   559 | D:2      | Gained mutation: You have sharp toenails. [demonic ancestry]
   559 | D:2      | Reached XP level 3. HP: 25/29 MP: 3/3
   777 | D:2      | Found a faded altar of an unknown god.
   797 | D:2      | Reached XP level 4. HP: 14/35 MP: 4/4
  1111 | D:2      | Found a stormy altar of Qazlal.
  1430 | D:2      | Found a stormy altar of Qazlal.
  1516 | D:3      | Reached skill level 1 in Dodging
  1521 | D:3      | Slain by an orc wizard

Vault maps used:
D:1:      minmay_arrival_checkered_box
D:2:      marbit_many_paths, chequers_ecumenical_altar_island,
          nicolae_qazlal_eye_of_the_storm
D:3:      first_bread

Skill      XL: |  1  2  3  4 |
---------------+-------------+-----
Shields        | 3 |  3.3
Axes           | 2 3 |  3.0
Armour         | 3 |  3.0
Dodging        | 1 |  1.0
Fighting       | |  3.4
Stealth        | |  0.2

Action                   |  1- 3 |  4- 6 || total
-------------------------+-------+-------++-------
Melee: War axe           |    94 |    30 ||   124
       Kick              |    11 |     7 ||    18
  Use: Potion            |       |     1 ||     1
  Eat: Chunk             |       |     2 ||     2
Armor: Scale mail        |    56 |    16 ||    72
Dodge: Dodged            |    26 |    10 ||    36
Block: Shield            |    59 |    22 ||    81

Table legend:
 A = Spawn XP
 B = Non-spawn XP
 C = Spawn XP percentage of total XP
 D = Spawn monster count
 E = Non-spawn monster count
 F = Spawn count percentage of total count
 G = Total turns spent on level
                    A         B        C        D         E        F      G
               +---------+---------+-------+---------+---------+-------+---------
         Total |       0 |     150 |   0.0 |       0 |      43 |   0.0 |  1521
               +---------+---------+-------+---------+---------+-------+---------
           D:1 |       0 |      32 |   0.0 |       0 |      17 |   0.0 |   513
           D:2 |       0 |      97 |   0.0 |       0 |      21 |   0.0 |   973
           D:3 |       0 |      21 |   0.0 |       0 |       5 |   0.0 |    35
               +---------+---------+-------+---------+---------+-------+---------
